TOP OF THE 1ST |
Amarillo Archdukes batting - Pitching for Tuscaloosa Trout Slayers : RHP Rafael Ramírez
|
Pitching: RHP Rafael Ramírez
|
|
Batting: RHB Eric Fuller
|
0-0: Ball 1-0: Called Strike 1-1: Ball 2-1: Foul Ball, location: 2F 2-2: Ball 3-2: Foul Ball, location: 2F 3-2: Base on Balls
|
Batting: RHB Norm Francis
|
0-0: Called Strike 0-1: Foul Ball, location: 2F 0-2: Strikes out swinging
|
Batting: LHB Michael Cook
|
0-0: Called Strike 0-1: Foul Ball, location: 2F 0-2: Strikes out swinging
|
Batting: RHB Paul Ladd
|
0-0: Called Strike 0-1: Ball 1-1: Fielders Choice at 2nd, U4 (Groundball, 4M)
|
Top of the 1st over - 0 run(s), 0 hit(s), 0 error(s), 1 left on base; Amarillo 0 - Tuscaloosa 0 |
BOTTOM OF THE 1ST |
Tuscaloosa Trout Slayers batting - Pitching for Amarillo Archdukes : RHP Nick Parks
|
Pitching: RHP Nick Parks
|
|
Batting: RHB Pat Fullerton
|
0-0: Ground out 5-3 (Groundball, 5S)
|
Batting: LHB Ed Murray
|
0-0: Ball 1-0: TRIPLE (Groundball, 3L)
|
Batting: RHB Owen Carter
|
0-0: Called Strike 0-1: Foul Ball, location: 2F 0-2: Ball 1-2: Ball 2-2: Foul Ball, location: 2F 2-2: SINGLE (Line Drive, 56D) Ed Murray scores
|
Batting: LHB Marcos Villarreal
|
0-0: Ball 1-0: Ball 2-0: Called Strike 2-1: Foul Ball, location: 2F 2-2: Strikes out looking
|
Batting: RHB Ryan McBride
|
0-0: Called Strike 0-1: Fly out, F8 (Flyball, 89S)
|
Bottom of the 1st over - 1 run(s), 2 hit(s), 0 error(s), 1 left on base; Amarillo 0 - Tuscaloosa 1 |
TOP OF THE 2ND |
Amarillo Archdukes batting - Pitching for Tuscaloosa Trout Slayers : RHP Rafael Ramírez
|
Batting: RHB Mark Roy
|
0-0: Foul Ball, location: 2F 0-1: Ball 1-1: Ball 2-1: Called Strike 2-2: Strikes out swinging
|
Batting: SHB António De La Cruz
|
0-0: Ball 1-0: Ball 2-0: Foul Ball, location: 2F 2-1: Fly out, F8 (Flyball, 8LXD)
|
Batting: RHB Ronald Parsons
|
0-0: Called Strike 0-1: Foul Ball, location: 2F 0-2: DOUBLE (Line Drive, 78D)
|
Batting: LHB Jorge Martínez
|
0-0: Called Strike 0-1: Ball 1-1: Ball 2-1: Called Strike 2-2: Strikes out swinging
|
Top of the 2nd over - 0 run(s), 1 hit(s), 0 error(s), 1 left on base; Amarillo 0 - Tuscaloosa 1 |
BOTTOM OF THE 2ND |
Tuscaloosa Trout Slayers batting - Pitching for Amarillo Archdukes : RHP Nick Parks
|
Batting: LHB Ed Hart
|
0-0: Called Strike 0-1: Fly out, F7 (Flyball, 78D)
|
Batting: RHB Ben Morton
|
0-0: Ground out 6-3 (Groundball, 6)
|
Batting: RHB Tetsunori Ito
|
0-0: Called Strike 0-1: Ball 1-1: Ball 2-1: Foul Ball, location: 2F 2-2: SINGLE (Line Drive, 9S)
|
Batting: RHB Dave Hall
|
0-0: Called Strike 0-1: Foul Ball, location: 2F 0-2: Ball 1-2: Strikes out swinging
|
Bottom of the 2nd over - 0 run(s), 1 hit(s), 0 error(s), 1 left on base; Amarillo 0 - Tuscaloosa 1 |
TOP OF THE 3RD |
Amarillo Archdukes batting - Pitching for Tuscaloosa Trout Slayers : RHP Rafael Ramírez
|
Batting: RHB Juan Barrera
|
0-0: Called Strike 0-1: Swinging Strike 0-2: Strikes out swinging
|
Batting: RHB Eric Fuller
|
0-0: Fly out, F4 (Popup, 6MD)
|
Batting: RHB Norm Francis
|
0-0: Ball 1-0: Called Strike 1-1: Ball 2-1: Ball 3-1: Foul Ball, location: 2F 3-2: Fly out, F4 (Popup, 4MD)
|
Top of the 3rd over - 0 run(s), 0 hit(s), 0 error(s), 0 left on base; Amarillo 0 - Tuscaloosa 1 |
BOTTOM OF THE 3RD |
Tuscaloosa Trout Slayers batting - Pitching for Amarillo Archdukes : RHP Nick Parks
|
Batting: RHB Pat Fullerton
|
0-0: Ball 1-0: Fly out, F4 (Popup, 4D)
|
Batting: LHB Ed Murray
|
0-0: Ball 1-0: Fly out, F8 (Flyball, 8RM)
|
Batting: RHB Owen Carter
|
0-0: Called Strike 0-1: Ball 1-1: Ball 2-1: SOLO HOME RUN (Flyball, 8RXD), Distance : 433 ft
|
Batting: LHB Marcos Villarreal
|
0-0: Ball 1-0: Swinging Strike 1-1: Swinging Strike 1-2: Strikes out swinging
|
Bottom of the 3rd over - 1 run(s), 1 hit(s), 0 error(s), 0 left on base; Amarillo 0 - Tuscaloosa 2 |
TOP OF THE 4TH |
Amarillo Archdukes batting - Pitching for Tuscaloosa Trout Slayers : RHP Rafael Ramírez
|
Batting: LHB Michael Cook
|
0-0: Fly out, F2 (Popup, 25F)
|
Batting: RHB Paul Ladd
|
0-0: Called Strike 0-1: SINGLE (Groundball, 4MD)
|
Batting: RHB Mark Roy
|
0-0: Ball 1-0: Called Strike 1-1: Ball 2-1: Ball 3-1: Base on Balls Paul Ladd to second
|
Batting: SHB António De La Cruz
|
0-0: Ball 1-0: Ball 2-0: Fielders Choice at 2nd, 6-4 (Groundball, 6M) Paul Ladd to third
|
Batting: RHB Ronald Parsons
|
0-0: Ball 1-0: Foul Ball, location: 2F 1-1: Fielders Choice at 2nd, U6 (Groundball, 6M)
|
Top of the 4th over - 0 run(s), 1 hit(s), 0 error(s), 2 left on base; Amarillo 0 - Tuscaloosa 2 |
BOTTOM OF THE 4TH |
Tuscaloosa Trout Slayers batting - Pitching for Amarillo Archdukes : RHP Nick Parks
|
Batting: RHB Ryan McBride
|
0-0: Ball 1-0: Ground out 1-3 (Groundball, 23)
|
Batting: LHB Ed Hart
|
0-0: Fly out, F7 (Flyball, 7M)
|
Batting: RHB Ben Morton
|
0-0: SINGLE (Groundball, 4MD)
|
Batting: RHB Tetsunori Ito
|
0-0: Foul Ball, location: 2F 0-1: Ball 1-1: Swinging Strike 1-2: Strikes out swinging
|
Bottom of the 4th over - 0 run(s), 1 hit(s), 0 error(s), 1 left on base; Amarillo 0 - Tuscaloosa 2 |
TOP OF THE 5TH |
Amarillo Archdukes batting - Pitching for Tuscaloosa Trout Slayers : RHP Rafael Ramírez
|
Batting: LHB Jorge Martínez
|
0-0: Ball 1-0: Ball 2-0: Ball 3-0: Called Strike 3-1: Called Strike
|
|
|
|
3-2: SINGLE (Line Drive, 7S)
|
Batting: RHB Juan Barrera
|
0-0: Fly out, F6 (Popup, 56D)
|
Batting: RHB Eric Fuller
|
0-0: Foul Ball, location: 2F 0-1: Foul Ball, location: 2F 0-2: Strikes out swinging
|
Pitching: RHP Jules Côté
|
|
Batting: RHB Norm Francis
|
0-0: Called Strike 0-1: Swinging Strike 0-2: Ball 1-2: Foul Ball, location: 2F 1-2: Strikes out looking
|
Top of the 5th over - 0 run(s), 1 hit(s), 0 error(s), 1 left on base; Amarillo 0 - Tuscaloosa 2 |
BOTTOM OF THE 5TH |
Tuscaloosa Trout Slayers batting - Pitching for Amarillo Archdukes : RHP Nick Parks
|
Batting: RHB Dave Hall
|
0-0: Ground out 4-3 (Groundball, 34)
|
Batting: RHB Pat Fullerton
|
0-0: Called Strike 0-1: Foul Ball, location: 2F 0-2: Hit by Pitch
|
Batting: LHB Ed Murray
|
0-0: Ball 1-0: Ball 2-0: Ground out 4-3 (Groundball, 4M) Pat Fullerton to second
|
Batting: RHB Owen Carter
|
0-0: Ball Wild Pitch! Pat Fullerton to third 1-0: Called Strike 1-1: Ball 2-1: Foul Ball, location: 2F 2-2: Ball 3-2: SINGLE (Groundball, 5L) Pat Fullerton scores
|
Batting: LHB Marcos Villarreal
|
0-0: 2-RUN HOME RUN (Flyball, 9D) (Inside the Park)
|
Batting: RHB Ryan McBride
|
0-0: Called Strike 0-1: Ground out 6-3 (Groundball, 6M)
|
Bottom of the 5th over - 3 run(s), 2 hit(s), 0 error(s), 0 left on base; Amarillo 0 - Tuscaloosa 5 |
TOP OF THE 6TH |
Amarillo Archdukes batting - Pitching for Tuscaloosa Trout Slayers : RHP Jules Côté
|
Batting: LHB Michael Cook
|
0-0: Called Strike 0-1: Ball 1-1: Called Strike 1-2: Ball 2-2: Foul Ball, location: 2F 2-2: Ball 3-2: Base on Balls
|
Batting: RHB Paul Ladd
|
0-0: Foul Ball, location: 2F 0-1: Foul Ball, location: 2F 0-2: DOUBLE (Line Drive, 7D) Michael Cook to third
|
Batting: RHB Mark Roy
|
0-0: Fly out, F9 (Flyball, 9M) Runner from 3rd tags up, SCORES, no throw
|
Batting: SHB António De La Cruz
|
0-0: Ball 1-0: Reached on error, E6 (Groundball, 6) Paul Ladd to third
|
Batting: RHB Ronald Parsons
|
0-0: Ball 1-0: Ball 2-0: Ball 3-0: Called Strike 3-1: Foul Ball, location: 2F 3-2: Foul Ball, location: 2F 3-2: Strikes out swinging
|
Batting: LHB Jorge Martínez
|
0-0: Swinging Strike 0-1: Ball 1-1: Foul Ball, location: 2F 1-2: Ball 2-2: Strikes out looking
|
Top of the 6th over - 1 run(s), 1 hit(s), 1 error(s), 2 left on base; Amarillo 1 - Tuscaloosa 5 |
BOTTOM OF THE 6TH |
Tuscaloosa Trout Slayers batting - Pitching for Amarillo Archdukes : RHP Nick Parks
|
Batting: LHB Ed Hart
|
0-0: Ball 1-0: Called Strike 1-1: Ball 2-1: Ball 3-1: Base on Balls
|
Pitching: RHP Pedro Lara
|
|
Batting: RHB Ben Morton
|
0-0: Called Strike 0-1: Fly out, F3 (Popup, 34)
|
Batting: RHB Tetsunori Ito
|
0-0: Called Strike 0-1: Swinging Strike 0-2: Ball 1-2: Strikes out looking
|
Batting: RHB Dave Hall
|
0-0: Called Strike 0-1: Ball 1-1: Foul Ball, location: 2F 1-2: Strikes out swinging
|
Bottom of the 6th over - 0 run(s), 0 hit(s), 0 error(s), 1 left on base; Amarillo 1 - Tuscaloosa 5 |
TOP OF THE 7TH |
Amarillo Archdukes batting - Pitching for Tuscaloosa Trout Slayers : RHP Jules Côté
|
Batting: RHB Juan Barrera
|
0-0: Called Strike 0-1: Ball 1-1: Foul Ball, location: 2F 1-2: Strikes out swinging
|
Batting: RHB Eric Fuller
|
0-0: Swinging Strike 0-1: Ball 1-1: Called Strike 1-2: Foul Ball, location: 2F 1-2: Ball 2-2: Ball 3-2: Foul Ball, location: 2F 3-2: SINGLE (Groundball, 5D)
|
Batting: RHB Norm Francis
|
0-0: Called Strike 0-1: Called Strike Eric Fuller steals 2nd base 0-2: DOUBLE (Line Drive, 8LM) Eric Fuller scores
|
Pitching: LHP Luis López
|
|
Batting: LHB Michael Cook
|
0-0: Foul Ball, location: 2F 0-1: Foul Ball, location: 2F 0-2: Ball 1-2: Ball 2-2: Foul Ball, location: 2F 2-2: Ground out 1-3 (Groundball, 15S)
|
Batting: RHB Paul Ladd
|
0-0: Ball 1-0: SINGLE (Line Drive, 7S) Norm Francis to third Runner from 3rd tries for Home, SAFE, no throw or cutoff
|
Batting: RHB Mark Roy
|
0-0: Ball 1-0: Foul Ball, location: 2F 1-1: Foul Ball, location: 2F 1-2: Ball 2-2: Foul Ball, location: 2F 2-2: Foul Ball, location: 2F 2-2: Foul Ball, location: 2F 2-2: Foul Ball, location: 2F 2-2: Ball 3-2: Fly out, F9 (Line Drive, 3D)
|
Top of the 7th over - 2 run(s), 3 hit(s), 0 error(s), 1 left on base; Amarillo 3 - Tuscaloosa 5 |
BOTTOM OF THE 7TH |
Tuscaloosa Trout Slayers batting - Pitching for Amarillo Archdukes : RHP Pedro Lara
|
Batting: RHB Pat Fullerton
|
0-0: Ball 1-0: Fly out, F5 (Popup, 5F)
|
Batting: LHB Ed Murray
|
0-0: Foul Ball, location: 2F 0-1: Foul Ball, location: 2F 0-2: Strikes out swinging
|
Batting: RHB Owen Carter
|
0-0: Called Strike 0-1: Called Strike 0-2: Ball 1-2: Ball 2-2: Ground out 6-3 (Groundball, 6)
|
Bottom of the 7th over - 0 run(s), 0 hit(s), 0 error(s), 0 left on base; Amarillo 3 - Tuscaloosa 5 |
TOP OF THE 8TH |
Amarillo Archdukes batting - Pitching for Tuscaloosa Trout Slayers : LHP Luis López
|
Now in CF: Lowie van den Bogaert
|
|
Batting: SHB António De La Cruz
|
0-0: Foul Ball, location: 2F 0-1: Foul Ball, location: 2F 0-2: Ball 1-2: Foul Ball, location: 2F 1-2: Ball 2-2: Foul Ball, location: 2F 2-2: Foul Ball, location: 2F 2-2: Foul Ball, location: 2F 2-2: Foul Ball, location: 2F 2-2: Ground out 6-3 (Groundball, 6M)
|
Batting: RHB Ronald Parsons
|
0-0: Foul Ball, location: 2F 0-1: Ball 1-1: Ball 2-1: Foul Ball, location: 2F 2-2: Fly out, F8 (Popup, 8LS)
|
Batting: LHB Jorge Martínez
|
0-0: Ground out 1-3 (Groundball, 13S)
|
Top of the 8th over - 0 run(s), 0 hit(s), 0 error(s), 0 left on base; Amarillo 3 - Tuscaloosa 5 |
BOTTOM OF THE 8TH |
Tuscaloosa Trout Slayers batting - Pitching for Amarillo Archdukes : RHP Pedro Lara
|
Batting: LHB Marcos Villarreal
|
0-0: Swinging Strike 0-1: Ball 1-1: Ball 2-1: Ground out 6-3 (Groundball, 6)
|
Batting: RHB Ryan McBride
|
0-0: Foul Ball, location: 2F 0-1: Called Strike 0-2: SOLO HOME RUN (Line Drive, 7D), Distance : 371 ft
|
Pitching: RHP Jeff Lawson
|
|
Batting: LHB Ed Hart
|
0-0: Swinging Strike 0-1: Swinging Strike 0-2: Ball 1-2: Ball 2-2: Foul Ball, location: 2F 2-2: Strikes out swinging
|
Batting: RHB Ben Morton
|
0-0: Ball 1-0: Ball 2-0: Foul Ball, location: 2F 2-1: Foul Ball, location: 2F 2-2: Ball 3-2: Base on Balls
|
Batting: RHB Tetsunori Ito
|
0-0: Called Strike 0-1: Ground out 2-3 (Groundball, 25)
|
Bottom of the 8th over - 1 run(s), 1 hit(s), 0 error(s), 1 left on base; Amarillo 3 - Tuscaloosa 6 |
TOP OF THE 9TH |
Amarillo Archdukes batting - Pitching for Tuscaloosa Trout Slayers : LHP Luis López
|
Pitching: RHP Jesús Ramos
|
|
Batting: RHB Juan Barrera
|
0-0: Ball 1-0: Foul Ball, location: 2F 1-1: Ground out 5-3 (Groundball, 56)
|
Batting: RHB Eric Fuller
|
0-0: Ball 1-0: Swinging Strike 1-1: Called Strike 1-2: Ground out 4-3 (Groundball, 4M)
|
Batting: RHB Norm Francis
|
0-0: Ball 1-0: Swinging Strike 1-1: Ball 2-1: Ball 3-1: Foul Ball, location: 2F 3-2: Strikes out swinging
|
Top of the 9th over - 0 run(s), 0 hit(s), 0 error(s), 0 left on base; Amarillo 3 - Tuscaloosa 6 |
|
Monday, December 5th, 2016 - OOTP Baseball 17.12 Build 75
|
|